 Dungeon Crawl Stone Soup version 0.26.1-2-gb8aa6d0cf2 (webtiles) character file.

Game seed: 3597643551376130544

2590 Amaterasu the Slinger (level 9, -1/61 HPs)
             Began as a Halfling Hunter on Feb 9, 2021.
             Was a Priest of Okawaru.
             Slain by an orc warrior
             ... wielding a +0 short sword
              (10 damage)
             ... on level 7 of the Dungeon.
             The game lasted 00:13:54 (9259 turns).

Amaterasu the Slinger (Halfling Hunter)             Turns: 9259, Time: 00:13:54

Health: -1/61      AC:  9    Str: 13    XL:     9   Next: 89%
Magic:  11/11      EV: 17    Int:  9    God:    Okawaru [***...]
Gold:   368        SH:  0    Dex: 24    Spells: 8/8 levels left

rFire    . . .     SeeInvis .   a - +2 hunting sling
rCold    . . .     Faith    .   (shield restricted)
rNeg     + . .     Spirit   .   i - +0 ring mail
rPois    .         Reflect  .   (no helmet)
rElec    .         Harm     .   G - +0 cloak
rCorr    .         Rampage  .   e - +2 pair of gloves
Will     .....                  (no boots)
Stlth    ++........             (no amulet)
HPRegen  0.20/turn              I - +6 ring of dexterity
MPRegen  0.12/turn              c - ring of positive energy

@: no status effects
A: small, mutation resistance 1
a: Renounce Religion, Heroism


You were on level 7 of the Dungeon.
You worshipped Okawaru.
Okawaru was most pleased with you.
You visited 1 branch of the dungeon, and saw 7 of its levels.
You also visited: Sewer and Ossuary.

You collected 368 gold pieces.

Inventory:

Hand Weapons
 a - a +2 hunting sling (weapon)
 b - a +0 short sword
 o - a +0 mace
Missiles
 d - 51 sling bullets (quivered ammo)
 k - 224 stones
Armour
 e - a +2 pair of gloves (worn)
 i - a +0 ring mail (worn)
 G - a +0 cloak (worn)
 J - the +0 chain mail of Inevitability {rF++ rC- Int+7}
   (You found it on level 7 of the Dungeon)

   It affects your intelligence (+7).
   It greatly protects you from fire.
   It makes you vulnerable to cold.
Jewellery
 c - a ring of positive energy (right hand)
 f - an uncursed ring of flight
 y - an uncursed amulet of faith
 I - a +6 ring of dexterity (left hand)
Wands
 v - a wand of iceblast (6)
 H - a wand of random effects (19)
Scrolls
 j - 2 scrolls of amnesia
 p - 2 scrolls of fear
 q - a scroll of remove curse
 r - 7 scrolls of teleportation
 s - 2 scrolls of blinking
 t - a scroll of enchant armour
 u - 2 scrolls of fog
 w - 2 scrolls of enchant weapon
 F - a scroll of identify
Potions
 g - 3 potions of brilliance
 h - 4 potions of lignification
 l - a potion of berserk rage
 m - a potion of resistance
 n - 2 potions of attraction
 x - 2 potions of cancellation
 z - a potion of haste
 A - a potion of mutation
 B - a potion of might
 C - 2 potions of flight
 D - 3 potions of heal wounds
 E - a potion of invisibility


   Skills:
 * Level 5.0 Fighting
 - Level 1.8 Short Blades
 * Level 3.4 Maces & Flails
 - Level 12.0 Slings
 * Level 2.8 Armour
 * Level 5.4 Dodging
 - Level 1.1 Stealth
 * Level 3.7 Invocations
 * Level 3.5 Evocations


You had 8 spell levels left.
You didn't know any spells.
Your spell library contained the following spells:

 Spells                   Type           Power        Failure   Level
 Beastly Appendage        Tmut           0%           63%         1
 Corona                   Hex            0%           63%         1
 Ensorcelled Hibernation  Hex/Ice        0%           77%         2
 Poisonous Vapours        Pois/Air       0%           77%         2
 Wereblood                Tmut           0%           77%         2
 Confusing Touch          Hex            0%           94%         3
 Conjure Flame            Conj/Fire      0%           94%         3
 Dazzling Flash           Conj/Hex       0%           94%         3
 Mephitic Cloud           Conj/Pois/Air  0%           94%         3
 Spider Form              Tmut/Pois      0%           94%         3
 Tukima's Dance           Hex            0%           94%         3
 Ice Form                 Ice/Tmut       0%           100%        4
 Blade Hands              Tmut           0%           100%        5
 Freezing Cloud           Conj/Ice/Air   0%           100%        6


Dungeon Overview and Level Annotations

Branches:
Dungeon (7/15)             Temple (0/1) D:4           Sewer (visited)
Ossuary (visited)

Altars:
Cheibriados
Gozag
Makhleb
Okawaru
Trog
Yredelemnul

Shops:
D:4 *


Innate Abilities, Weirdness & Mutations

You are small and have problems with some larger weapons.
You are somewhat resistant to further mutation.


Message History

* * * LOW HITPOINT WARNING * * *
Fire: 54 sling bullets
Press: ? - help, Q - select action, (/) - cycle Shift-Dir - straight line, f/p - orc warrior
Aim: an orc warrior, wielding a +0 short sword and wearing a +0 plate armour (almost dead, 73% to hit)
You shoot a sling bullet. The sling bullet hits the orc warrior.
The orc warrior is almost dead.
The orc warrior hits you with a +0 short sword.
* * * LOW HITPOINT WARNING * * *
Fire: 53 sling bullets
Press: ? - help, Q - select action, (/) - cycle Shift-Dir - straight line, f/p - orc warrior
Aim: an orc warrior, wielding a +0 short sword and wearing a +0 plate armour (almost dead, 73% to hit)
You shoot a sling bullet.
The sling bullet closely misses the orc warrior.
Fire: 52 sling bullets
Press: ? - help, Q - select action, (/) - cycle Shift-Dir - straight line, f/p - orc warrior
Aim: an orc warrior, wielding a +0 short sword and wearing a +0 plate armour (almost dead, 73% to hit)
You shoot a sling bullet.
The sling bullet closely misses the orc warrior.
The orc warrior hits you with a +0 short sword!
You die...

#........########..
#........#........#
#........#........#
#........'........#
#........#.........
#........#.......##
####'#####.......##
##########...............
#)....(o@................
#(################.######
#( ##########....... #>
................. ##
#######.##)......
#.##)###### #.##.# #
#########'##.# .
.............# #


You could see an orc warrior.

Vanquished Creatures
  Edmund (D:6)
  An ice beast (D:7)
  A phantom (D:5)
  3 sky beasts
  Purgy (Sewer)
  4 ogres
  A centaur (D:6)
  A bullfrog (D:6)
  3 killer bees (D:7)
  A howler monkey (D:6)
  3 wights (D:7)
  A centaur zombie (D:6)
  6 hounds
  A jelly (D:6)
  2 orc priests
  2 bullfrog skeletons
  A centaur skeleton (D:5)
  5 orc wizards
  An iguana (D:5)
  6 worker ants
  12 mummies (Ossuary)
  2 howler monkey skeletons (D:5)
  10 adders
  3 shadow imps
  3 ufetubi
  2 oozes
  A worm (D:3)
  4 dart slugs
  7 leopard geckos
  21 orcs
  A ball python (Sewer)
  8 giant cockroaches
  6 goblins
  15 hobgoblins
  12 jackals
  A quokka (D:5)
  11 bats
  14 frilled lizards
  A gnoll skeleton (Ossuary)
  3 goblin skeletons (Ossuary)
  5 kobolds
  2 kobold skeletons (Ossuary)
  A leopard gecko skeleton (D:4)
  2 leopard gecko zombies (D:5)
  2 orc skeletons (Ossuary)
  6 rats
  11 rat skeletons (Ossuary)
211 creatures vanquished.

Notes
Turn   | Place    | Note
-------+----------+-------------------------------------------
     0 | D:1      | Amaterasu the Halfling Hunter began the quest for the Orb.
     0 | D:1      | Reached XP level 1. HP: 14/14 MP: 1/1
    39 | D:1      | Reached skill level 6 in Slings
    74 | D:1      | Reached XP level 2. HP: 19/19 MP: 2/2
   603 | D:1      | Reached skill level 7 in Slings
   603 | D:1      | Reached XP level 3. HP: 24/24 MP: 3/3
  1493 | D:2      | Reached XP level 4. HP: 29/29 MP: 4/4
  1765 | D:2      | Found an iron altar of Okawaru.
  1790 | D:2      | Became a worshipper of Warmaster Okawaru
  1878 | D:2      | Reached skill level 8 in Slings
  1955 | D:2      | Found a basalt altar of Yredelemnul.
  2302 | D:3      | Reached XP level 5. HP: 25/34 MP: 5/5
  2486 | D:3      | Found a burning altar of Makhleb.
  2493 | D:3      | Reached skill level 1 in Short Blades
  2493 | D:3      | Reached skill level 1 in Armour
  2650 | D:3      | Reached skill level 1 in Evocations
  2757 | D:3      | Reached skill level 1 in Invocations
  3144 | D:4      | Found Juopawah's Assorted Antiques.
  3144 | D:4      | Noticed an ogre
  3153 | D:4      | Killed an ogre
  3153 | D:4      | Reached * piety under Okawaru
  3154 | D:4      | Reached XP level 6. HP: 41/41 MP: 5/7
  3437 | D:4      | Found a sand-covered staircase.
  3445 | Ossuary  | Entered an ossuary
  3815 | Ossuary  | Reached XP level 7. HP: 46/46 MP: 8/8
  5209 | D:4      | Found a bloodstained altar of Trog.
  5268 | D:4      | Found an opulent altar of Gozag.
  5285 | D:4      | Found a staircase to the Ecumenical Temple.
  5639 | D:5      | Entered Level 5 of the Dungeon
  5677 | D:5      | Reached skill level 1 in Maces & Flails
  5698 | D:5      | Reached XP level 8. HP: 54/54 MP: 10/10
  6175 | D:5      | Reached skill level 5 in Dodging
  6658 | D:5      | Reached skill level 9 in Slings
  6684 | D:5      | Reached ** piety under Okawaru
  7066 | D:6      | Found a glowing drain.
  7091 | Sewer    | Entered a sewer
  7162 | Sewer    | Noticed Purgy
  7180 | Sewer    | Killed Purgy
  7307 | D:6      | Reached skill level 10 in Slings
  7307 | D:6      | Reached XP level 9. HP: 58/58 MP: 11/11
  7324 | D:6      | Noticed Edmund
  7351 | D:6      | Killed Edmund
  7360 | D:6      | Reached skill level 11 in Slings
  7839 | D:6      | Reached skill level 12 in Slings
  7984 | D:6      | Found a snail-covered altar of Cheibriados.
  9012 | D:7      | Reached *** piety under Okawaru
  9188 | D:7      | Got a smoking chain mail
  9199 | D:7      | Identified the +0 chain mail of Inevitability {rF++ rC-
                  | Int+7} (You found it on level 7 of the Dungeon)
  9256 | D:7      | Reached skill level 5 in Fighting
  9259 | D:7      | Slain by an orc warrior

Illustrated notes

Levels and vault maps discovered:
D:1:      ebering_trefoil_twist, layout_basic
D:2:      layout_loops_corners, general_overflow_altar, lemuel_round_altar
D:3:      layout_basic, st_stairs_4, makhleb_heckhound_becter
D:4:      layout_gridville, old_standard_altar, nicolae_overflow_crystal_walls,
          minmay_temple_entry_statues_pillars, chequers_ossuary_entry_cave,
          serial_shops, shop, st_stairs_2
D:5:      layout_basic
D:6:      layout_cave_pods, kennysheep_slug_shrine,
          cheibrodos_sewer_entry_drain, uniq_edmund
D:7:      layout_basic

Skill      XL: |  1  2  3  4  5  6  7  8  9 |
---------------+----------------------------+-----
Slings         | 6 7 8 10 12 | 12.0
Fighting       | 2 3 4 5 |  5.0
Short Blades   | 1 |  1.8
Armour         | 1 2 |  2.8
Evocations     | 1 2 3 |  3.5
Invocations    | 1 3 |  3.7
Dodging        | 3 4 5 |  5.4
Maces & Flails | 1 3 |  3.4
Stealth        | |  1.1

Action                   |  1- 3 |  4- 6 |  7- 9 || total
-------------------------+-------+-------+-------++-------
Melee: Short sword       |    72 |       |       ||    72
 Fire: Hunting sling     |    80 |   201 |   614 ||   895
  Use: Scroll            |     4 |     5 |    15 ||    24
       Potion            |       |       |     1 ||     1
Armor: Leather armour    |    27 |       |       ||    27
       Ring mail         |       |    16 |    40 ||    56
Dodge: Dodged            |    68 |    39 |   143 ||   250
